 Dungeon Crawl Stone Soup version 0.30-a0-374-g95c0257040 (webtiles) character file.

Game seed: 6051687122029263784

18 arthad the Twirler (level 2, 0/23 HPs)
             Began as a Gnoll Wanderer on Nov 26, 2022.
             Succumbed to an adder's poison
             ... on level 1 of the Dungeon.
             The game lasted 00:01:38 (890 turns).

arthad the Twirler (Gnoll Wanderer)                  Turns: 890, Time: 00:01:39

Health: 0/23       AC:  7    Str:  8    XL:     2   Next: 70%
Magic:  5/5        EV:  7    Int: 10    God:
Gold:   52         SH:  0    Dex: 15    Spells: 6/6 levels left

rFire   . . .      SeeInvis .    a - +0 quarterstaff (vorpal)
rCold   . . .      Faith    .    (shield currently unavailable)
rNeg    . . .      Spirit   .    b - +0 scale mail
rPois   .          Reflect  .    e - +0 helmet
rElec   .          Harm     .    (no cloak)
rCorr   .          Rampage  .    (no gloves)
Will    .....                    (no boots)
Stlth   +.........               (no amulet)
HPRegen 0.23/turn                (no ring)
MPRegen 0.09/turn                (no ring)

@: lethally poisoned (0 -> -5), flying
A: fangs 1, strong nose, distributed training
a: no special abilities


You were on level 1 of the Dungeon.
You visited 1 branch of the dungeon, and saw 2 of its levels.

You collected 52 gold pieces.

Inventory:

Hand Weapons
 a - a +0 vorpal quarterstaff (weapon)
Armour
 b - a +0 scale mail (worn)
 e - a +0 helmet (worn)
Jewellery
 g - a ring of ice
Scrolls
 c - a scroll of silence
Potions
 d - a potion of flight


   Skills:
 + Level 2.5 Fighting
 + Level 0.5 Short Blades
 + Level 0.5 Long Blades
 + Level 0.5 Axes
 + Level 0.5 Maces & Flails
 + Level 0.5 Polearms
 + Level 4.5 Staves
 + Level 0.5 Ranged Weapons
 + Level 0.5 Throwing
 + Level 2.5 Armour
 + Level 0.5 Dodging
 + Level 2.3 Stealth
 + Level 0.5 Shields
 + Level 0.5 Unarmed Combat
 + Level 2.7 Spellcasting
 + Level 0.3 Conjurations
 + Level 0.3 Hexes
 + Level 0.3 Summonings
 + Level 0.3 Necromancy
 + Level 0.3 Translocations
 + Level 0.3 Transmutations
 + Level 0.3 Fire Magic
 + Level 0.3 Ice Magic
 + Level 0.3 Air Magic
 + Level 0.3 Earth Magic
 + Level 3.7 Poison Magic
 + Level 2.5 Invocations
 + Level 2.5 Evocations


You had 6 spell levels left.
You didn't know any spells.
Your spell library contained the following spells:

 Spells                   Type           Power      Damage    Failure   Level
 Poisonous Vapours        Pois/Air       10%        N/A       87%         2
 Cigotuvi's Dreadful Rot  Necr/Pois/Air  8%         N/A       92%         2
 Dazzling Flash           Conj/Hex       4%         N/A       100%        3
 Iskenderun's Mystic Bla  Conj/Tloc      2%         2d3       100%        4
 Starburst                Conj/Fire      1%         6d3       100%        6


Dungeon Overview and Level Annotations

Branches:
Dungeon (2/15)

Altars:


Innate Abilities, Weirdness & Mutations

You have very sharp teeth.
Your uncanny sense of smell can sniff out nearby items.
Your experience applies equally to all skills.


Message History

* * * LOW HITPOINT WARNING * * *
The adder barely misses you. The ball python completely misses you.
The ball python constricts you.
You escape the ball python's grasp.
You feel sick. The adder bites you but does no damage.
The adder attacks as you move away! The adder bites you but does no damage.
The hobgoblin attacks as you move away!
The hobgoblin hits you but does no damage.
You feel sick.
You feel sick.
You are no longer poisoned.
The adder bites you but does no damage. The adder attacks as you move away!
The adder barely misses you.
You are too injured to fight recklessly!
Throw: 2 darts (poison)
Press: ? - help, Q - select action Shift-Dir - straight line, f - ball python
Aim: a ball python (55% to hit)
You throw a poisoned dart. The poisoned dart hits the adder.
The adder bites you but does no damage.
Throw: dart (poison)
Press: ? - help, Q - select action Shift-Dir - straight line, f - hobgoblin, p - ball python
Aim: a hobgoblin (59% to hit)
You throw a poisoned dart. The poisoned dart hits the adder.
The adder bites you but does no damage.
Unknown command.
It was a potion of flight.
You feel very buoyant.
You fly up into the air.
The adder bites you.
* * * LOW HITPOINT WARNING * * *
You are lethally poisoned!
The adder poisons you! The adder barely misses you.
Unknown command.
Okay, then.
You sock the adder!
The adder is almost dead.
* * * LOW HITPOINT WARNING * * *
You feel sick. The adder bites you but does no damage.
You hit the adder.
You kill the adder!
You die...

#.# ##...## #.#.... #.# ##'##
#.#.##. ####.###### #.#
#.#.##. #.........# #.#
#.#.##. #.##..###.# ##.##
#......
#.###.###>#####...########.###
#.# #.#.(...†..............#
#.###.#.#S#####...##########
#.........#S(@...##
#####......g###.##
###.........# ###########


You could see a hobgoblin and a ball python.

Vanquished Creatures
  An adder (D:1)
  A bat (D:1)
  4 endoplasms (D:1)
  A giant cockroach (D:1)
  4 kobolds (D:1)
  A quokka (D:1)
  A ball python (D:1)
  A frilled lizard (D:1)
  3 rats (D:1)
17 creatures vanquished.

Notes
Turn   | Place    | Note
-------+----------+-------------------------------------------
     0 | D:1      | arthad the Gnoll Wanderer began the quest for the Orb.
     0 | D:1      | arthad set off with the following items: a +0 vorpal
                  | quarterstaff, a +0 scale mail, a scroll of silence; and the
                  | following spells available to memorise: Poisonous Vapours,
                  | Cigotuvi's Dreadful Rot.
     0 | D:1      | Reached XP level 1. HP: 17/17 MP: 4/4
   201 | D:1      | Reached XP level 2. HP: 18/23 MP: 5/5
   360 | D:1      | Found a faded altar of an unknown god.
   889 | D:1      | HP: 1/23 [poisoned by an adder]
   890 | D:1      | Succumbed to an adder's poison

Illustrated notes

Levels and vault maps discovered:
D:1:      minmay_arrival_three_doors, layout_loops_corners,
          basic_ecumenical_altar, chequers_serial_rivers_large_b
D:2:      layout_basic, serial_glass, glass_columns_a, glass_columns_b,
          kennysheep_jessica_study

Action                   || total
-------------------------++-------
Melee: Quarterstaff      ||    45
       Bite              ||     5
Throw: Dart              ||     2
  Use: Potion            ||     1
Armor: Scale mail        ||    38
Dodge: Dodged            ||    21

Table legend: (Time is in decaauts)
 A = Elapsed time spent in this place.
 B = Non-inter-level travel time spent in this place.
 C = Inter-level travel time spent in this place.
 D = Time resting spent in this place.
 E = Time spent auto-exploring this place.
 F = Levels seen in this place.
 G = Mean time per level.
                   A        B        C        D        E       F      G
               +--------+--------+--------+--------+--------+-----+--------+
         Total |    919 |    861 |     58 |      0 |    716 |   2 |  459.5 |
       Dungeon |    919 |    861 |     58 |      0 |    716 |   2 |  459.5 |
               +--------+--------+--------+--------+--------+-----+--------+

Top non-repeatable levels by time:
     D:1: 907 daAuts
     D:2: 12 daAuts
